 Dungeon Crawl Stone Soup version 0.20-a0-270-g8e735b6 (webtiles) character file.

620695 MackRandom the Slayer (level 27, -6/268 HPs)
             Began as a Pale Draconian Wanderer on Dec 8, 2016.
             Was a Priest of the Shining One.
             Mangled by a vampire knight
             ... wielding a +2 dire flail
              (23 damage)
             ... on level 2 of the Crypt on Dec 10, 2016.
             The game lasted 02:53:56 (68782 turns).

MackRandom the Slayer (Pale Draconian Wanderer)    Turns: 68782, Time: 02:53:56

Health: -6/268     AC: 18    Str: 20    XL:     27
Magic:  35/35      EV: 31    Int: 11    God:    the Shining One [***...]
Gold:   1014       SH:  0    Dex: 26    Spells: 26/42 levels left

rFire  + . .     SeeInvis .     T - +10 dark maul {crush}
rCold  + + .     Gourm    +     (armour unavailable)
rNeg   + . .     Faith    .     (shield currently unavailable)
rPois  .         Spirit   .     y - +2 hat {MR+}
rElec  +         Reflect  .     R - +0 cloak "Waone" {rC+ Str+2}
rCorr  +         Harm     .     q - +0 pair of gloves of Inaction {Slay+3 Stlth+}
MR     ++...                    L - +0 pair of boots of the Eight Boll Weevils {rCorr}
Stlth  ++........               o - amulet "Ufuty" {Gourm +Fly Str-2 Dex+7 Stlth+}
                                E - ring of Heovuhe {rElec rF+ rC+ Int-4 Stlth+}
                                f - ring of the Mage {Wiz MR++ Int+3}

@: vulnerable, glowing
A: breathe steam, unfitting armour, mutation resistance 1, sense surroundings 1,
cold-blooded, AC +13
}: 3/15 runes: serpentine, barnacled, silver
a: Breathe Steam, Divine Shield, Renounce Religion, Evoke Flight


You were on level 2 of the Crypt.
You worshipped the Shining One.
The Shining One was most pleased with you.
You were not hungry.

You visited 10 branches of the dungeon, and saw 46 of its levels.
You visited the Abyss 1 time.
You visited 1 ziggurat, and saw 8 of its levels.
You also visited: Wizlab and Desolation.

You collected 5944 gold pieces.
You spent 4930 gold pieces at shops.

Inventory:

Hand Weapons
 a - a +9 antimagic demon whip
   (You acquired it on level 3 of the Lair of Beasts)
 T - the +10 dark maul (weapon) {crush}
   (You bought it in a shop on level 1 of the Vaults)

   It inflicts extra damage upon your enemies.
 Y - a +4 demon whip
   (You took it off a deep elf mage on level 1 of the Elven Halls)
Armour
 q - the +0 pair of gloves of Inaction (worn) {Slay+3 Stlth+}
   (Okawaru gifted it to you on level 4 of the Snake Pit)

   It affects your accuracy and damage with ranged weapons and melee attacks
   (+3).
   It makes you more stealthy.
 y - a +2 hat of magic resistance (worn)
   (You found it on level 4 of the Vaults)
 L - the +0 pair of boots of the Eight Boll Weevils (worn) {rCorr}
   (You found it on level 2 of the Lair of Beasts)

   It protects you from acid and corrosion.
 N - the +0 shield "Moami" {rPois Str-4 Int+3 Slay+2}
   (You took it off Donald on level 2 of the Elven Halls)

   It affects your strength (-4).
   It affects your intelligence (+3).
   It affects your accuracy and damage with ranged weapons and melee attacks
   (+2).
   It protects you from poison.
 R - the +0 cloak "Waone" (worn) {rC+ Str+2}
   (Okawaru gifted it to you on level 5 of the Lair of Beasts)

   It affects your strength (+2).
   It protects you from cold.
Rods
 b - a +3 rod of shadows (12/12)
   (You bought it in a shop on level 2 of the Orcish Mines)
 d - a +5 lightning rod (14/14)
   (You found it in the Desolation of Salt)
 B - a +3 rod of clouds (10/10) {!a}
   (You found it on level 6 of a ziggurat)
Jewellery
 f - the ring of the Mage (left hand) {Wiz MR++ Int+3}
   (You found it on level 15 of the Dungeon)

   [ring of wizardry]

   It improves your spell success rate.
   It affects your intelligence (+3).
   It affects your resistance to hostile enchantments.
 o - the amulet "Ufuty" (around neck) {Gourm +Fly Str-2 Dex+7 Stlth+}
   (You found it in the Desolation of Salt)

   [amulet of the gourmand]

   It allows you to eat raw meat even when not hungry.
   It affects your strength (-2).
   It affects your dexterity (+7).
   It lets you fly.
   It makes you more stealthy.
 v - an uncursed ring of flight {+Fly, !d}
   (You found it on level 4 of the Dungeon)
 E - the ring of Heovuhe (right hand) {rElec rF+ rC+ Int-4 Stlth+}
   (You found it in the Desolation of Salt)

   [ring of protection from cold]

   It affects your intelligence (-4).
   It protects you from fire.
   It protects you from cold.
   It insulates you from electricity.
   It makes you more stealthy.
 O - the ring "Bomoh" {rF+ rC++}
   (You acquired it on level 3 of the Elven Halls)

   [ring of protection from fire]

   It protects you from fire.
   It greatly protects you from cold.
 Q - an uncursed ring of see invisible {sInv, !d}
   (You found it on level 13 of the Dungeon)
Wands
 e - a wand of heal wounds (1/9)
   (You found it on level 1 of the Shoals)
 j - a wand of disintegration (1/24)
   (You found it on level 4 of the Snake Pit)
 H - a wand of teleportation (2/9)
   (You took it off Nergalle on level 1 of the Orcish Mines)
 P - a wand of digging (11/24)
   (You found it on level 3 of the Depths)
Scrolls
 c - 5 scrolls of identify
 m - 20 scrolls of remove curse
 s - 6 scrolls of enchant weapon
 t - a scroll of enchant armour
 z - a scroll of fear
 G - a scroll of blinking {!r}
 I - a scroll of recharging
 K - 3 scrolls of magic mapping {!r}
 M - 10 scrolls of fog
Potions
 i - a potion of flight
 k - 5 potions of might
 n - 3 potions of haste
 p - 3 potions of cure mutation {!q}
 r - 6 potions of resistance
 u - 14 potions of curing
 w - 2 potions of cancellation
 x - 4 potions of magic
 A - 2 potions of heal wounds
 D - 2 potions of brilliance
 J - 3 potions of agility
 U - 3 potions of invisibility
Miscellaneous
 C - a phial of floods
   (You found it on level 13 of the Dungeon)
Comestibles
 h - 9 meat rations {@e2}
 l - a slice of pizza
 F - 17 fruits
 S - 3 royal jellies


   Skills:
 - Level 25.6 Fighting
   Level 1.0 Short Blades
 - Level 22.0 Maces & Flails
 - Level 1.0 Throwing
 - Level 17.8 Dodging
 - Level 1.0 Stealth
 - Level 15.0 Shields
 - Level 8.4 Spellcasting
 - Level 6.9 Charms
 - Level 6.6 Necromancy
 - Level 5.9 Air Magic
 + Level 10.0 Invocations
 - Level 12.2 Evocations


You had 26 spell levels left.
You knew the following spells:

 Your Spells              Type           Power        Failure   Level  Hunger
a - Animate Dead          Necr           N/A          4%          4    ####...
b - Agony                 Necr           ###.....     12%         5    ######.
d - Repel Missiles        Chrm/Air       ###...       1%          2    #......
r - Regeneration          Chrm/Necr      ###.......   1%          3    ##.....
s - Swiftness             Chrm/Air       ###.....     1%          2    #......


Dungeon Overview and Level Annotations

Branches:
Dungeon (15/15)            Temple (1/1) D:4            Lair (6/6) D:9
 Shoals (4/4) Lair:2        Snake (4/4) Lair:3        Slime (0/5) Lair:6
    Orc (2/2) D:12            Elf (3/3) Orc:2        Vaults (5/5) D:13
  Crypt (2/3) Vaults:2     Depths (4/5) D:15

Altars:
Ashenzari
Cheibriados
Dithmenos
Elyvilon
Fedhas
Gozag
Hepliaklqana
Kikubaaqudgha
Makhleb
Nemelex Xobeh
Okawaru
Qazlal
Ru
Sif Muna
Trog
Uskayaw
Vehumet
Xom
Yredelemnul
Zin
The Shining One
Jiyva

Shops:
D:7 %   D:8 ?   D:11 !   Orc:2 ?[*}   Elf:1 !   Snake:3 %:   Vaults:1 (
Vaults:4 =   Depths:2 (

Portals:
Hell: Lair:6 Depths:1 Depths:2 Depths:3 Depths:4
Abyss: Depths:1 Depths:4
Pandemonium: Depths:2 Depths:3

Annotations:
Shoals:4 exclusion: upstairs
Snake:4 exclusion: Roxanne, Roxanne


Innate Abilities, Weirdness & Mutations

You can breathe blasts of scalding, opaque steam.
Your pale cyan-grey scales are hard. (AC +13)
You cannot fit into any form of body armour.
You are cold-blooded and may be slowed by cold attacks.
You are somewhat resistant to further mutation.
You passively map a small area around you.


Message History

You regained 2 hp, and now have 85/268 hp.
You hammer the jiangshi like a gong!!!!
You destroy the jiangshi!
The Shining One accepts your kill.
Your Invocations skill increases to level 10!
The deep elf blademaster closely misses you.
The deep elf blademaster completely misses you.
As you read the scroll of fear, it crumbles to dust.
You assume a fearsome visage.
The frost giant resists with almost no effort.
The fire giant resists with almost no effort.
The deep elf archer easily resists.
The deep elf blademaster resists with almost no effort.
The wraith is unaffected.
The stone giant resists with some effort.
The deep elf blademaster misses you.
The deep elf blademaster completely misses you.
The deep elf archer shoots an arrow.
The arrow misses you.
The arrow disappears in a puff of smoke!
The deep elf blademaster misses you.
The deep elf blademaster hits you with a rapier of freezing!
* * * LOW HITPOINT WARNING * * *
The deep elf blademaster freezes you.
* * * LOW HITPOINT WARNING * * *
You take 11 damage, and have 75/268 hp.
The fire giant completely misses you.
Unknown command.
Okay, then.
You feel strangely unstable.
This wand has 2 charges left.
The deep elf archer shoots an arrow.
The arrow hits you!
* * * LOW HITPOINT WARNING * * *
The arrow disappears in a puff of smoke!
The deep elf blademaster hits you but does no damage.
The deep elf blademaster misses you.
You hear a shout!
You take 7 damage, and have 69/268 hp.
The frost giant gestures at you while chanting.
The bolt of cold misses you.
The deep elf archer shoots an arrow.
The arrow misses you.
The arrow disappears in a puff of smoke!
The deep elf archer shoots an arrow.
The arrow completely misses you.
The arrow disappears in a puff of smoke!
The deep elf blademaster completely misses you.
The deep elf blademaster misses you.
Unknown command.
Your surroundings suddenly seem different.
A wraith comes into view.
There is a stone staircase leading down here.
The fire giant shouts!
The fire giant points at you and mumbles some strange words.
The fireball explodes!
The fireball engulfs you! You resist.
* * * LOW HITPOINT WARNING * * *
You hear a shout! x2
You climb downwards.
A vampire knight, 2 phantasmal warriors, a zombie and a revenant come into view.
The vampire knight shouts!
There is a stone staircase leading up here.
You take 17 damage, and have 58/268 hp.
You barely miss the revenant.
Your tail-slap misses the revenant.
The vampire knight hits you with an enchanted dire flail!!
* * * LOW HITPOINT WARNING * * *
The vampire knight completely misses you.
The revenant misses you.
The phantasmal warrior blinks! x2
You take 21 damage, and have 37/268 hp.
You feel much better.
This wand has 2 charges left.
The revenant closely misses you.
The phantasmal warrior completely misses you. x2
The vampire knight hits you with an enchanted dire flail!!
* * * LOW HITPOINT WARNING * * *
The vampire knight closely misses you.
You take 12 damage, and have 25/268 hp.
You feel much better.
This wand has 1 charge left.
The revenant hits you but does no damage.
The phantasmal warrior completely misses you.
The phantasmal warrior hits you!!
* * * LOW HITPOINT WARNING * * *
The vampire knight hits you but does no damage.
The vampire knight completely misses you.
You take 4 damage, and have 21/268 hp.
Okay, then.
Unknown command.
You feel much better. The phantasmal warrior hits you!!
* * * LOW HITPOINT WARNING * * *
Your magical defenses are stripped away!
The revenant barely misses you. The phantasmal warrior hits you.
* * * LOW HITPOINT WARNING * * *
The vampire knight completely misses you.
The vampire knight misses you.
You take 6 damage, and have 15/268 hp.
Okay, then.
Okay, then.
Unknown command.
You feel much better. The revenant completely misses you.
The phantasmal warrior hits you.
* * * LOW HITPOINT WARNING * * *
The phantasmal warrior hits you!
* * * LOW HITPOINT WARNING * * *
The vampire knight hits you with an enchanted dire flail!!
You die...

, *
#.......#
#.......#
#.......#
#.......# ,
* #....Z..#
#.......#
#....WV.#
#...L@W.#
#.%..=..# *
* *
#..........
############
*


You could see a revenant, a vampire knight, 2 phantasmal warriors and a pale
draconian zombie.

Vanquished Creatures
  2 ancient liches
  3 juggernauts
  Boris (Vaults:2)
  A greater mummy (Zig:6)
  Bai Suzhen (Vaults:3)
  2 golden dragons
  4 caustic shrikes
  Nikola (Elf:3)
  2 bone dragons
  5 tentacled monstrosities
  Asterion (Elf:2)
  4 deep elf blademasters
  6 liches
  2 deep elf master archers (Elf:3)
  6 titans
  A quicksilver dragon (Vaults:5)
  Frances (Elf:1)
  A tentacled starspawn (Abyss:3)
  Kirke (Elf:1)
  3 shadow dragons
  2 ancient champions
  The ghost of novi the Peltast, an adept MiBe of Trog (Depths:1)
  5 sphinxes
  13 nagarajas
  3 tengu reavers
  10 fire giants
  Donald (Elf:2)
  11 vault wardens
  9 frost giants
  An iron dragon (Depths:2)
  4 ghost moths (Zig:5)
  8 deep elf sorcerers (Elf:3)
  A balrug (Depths:3)
  A curse skull (Zig:7)
  An imperial myrmidon (Desolation)
  6 deep elf elementalists
  13 ironheart preservers
  3 ghouls
  2 spriggan defenders (Depths:4)
  20 very ugly things
  3 entropy weavers
  11 stone giants
  8 deep elf annihilators
  8 vampire knights
  2 halazid warlocks (Desolation)
  Azrael (D:14)
  3 deep elf demonologists
  A red draconian (Snake:4)
  6 spark wasps (Depths:1)
  Snorg (D:10)
  The ghost of Shushpanzer the Peltast, a journeyman GrFi of Hepliaklqana (Orc:1)
  3 crystal guardians (Desolation)
  An eidolon (Zig:7)
  13 deep elf death magi
  A dire elephant (Lair:6)
  2 merfolk javelineers
  A green death (Abyss:3)
  2 mummy priests
  7 fire dragons
  8 ettins
  6 yaktaur captains
  4 merfolk impalers
  10 ogre magi
  8 jiangshi (Crypt:1)
  6 ice dragons
  Harold (D:12)
  8 servants of whispers (Desolation)
  3 rakshasas
  7 great orbs of eyes
  5 ragged hierophants
  The ghost of Herrn the Fighter, a journeyman FoMo of Okawaru (D:12)
  Erolcha (Orc:1)
  An ice dragon (shapeshifter) (Depths:2)
  11 naga warriors
  A caustic shrike simulacrum (Depths:3)
  8 vault guards
  A hell beast (Depths:1)
  11 deep elf high priests
  6 hydras
  Erica (D:10)
  5 peacekeepers (Desolation)
  The ghost of Oki the Martial Artist, a journeyman OpMo of Ashenzari (D:9)
  A spriggan air mage (Depths:4)
  14 centaur warriors
  2 catoblepae
  5 death knights
  19 dancing weapons
  2 merfolk aquamancers (Shoals:4)
  18 anacondas
  8 tengu warriors
  6 deep troll shamans
  A merfolk avatar (Shoals:4)
  3 orc high priests (Orc:2)
  9 deep troll earth magi
  A spriggan berserker (Depths:2)
  8 naga sharpshooters
  Nergalle (Orc:1)
  A thrashing horror (Abyss:1)
  2 soul eaters (Depths:1)
  A hell knight (Vaults:5)
  A titan zombie (Depths:2)
  4 shock serpents
  5 vampire magi
  22 deep elf knights
  A wretched star (Abyss:1)
  A fire crab (shapeshifter) (Depths:1)
  A spatial maelstrom (Abyss:3)
  A sixfirhy (Lair:6)
  3 sun demons
  A fire crab (Lair:6)
  5 skeletal warriors
  5 sea snakes
  A shadow wraith (Zig:7)
  2 golden dragon zombies
  An iron troll (Depths:3)
  4 salamander mystics
  40 deep trolls
  An orange crystal statue (Elf:3)
  4 glowing orange brains
  A glowing orange brain (shapeshifter) (Depths:2)
  5 unseen horrors
  6 flayed ghosts
  7 wizards
  13 deep elf archers
  18 ironbrand convokers
  4 necromancers
  8 naga ritualists
  Pikel (D:7)
  A golden dragon skeleton (Depths:2)
  12 hill giants
  A harpy (shapeshifter) (Elf:2)
  5 phantasmal warriors
  8 mana vipers
  13 orc knights
  9 harpies
  An obsidian statue (Depths:1)
  2 sphinx zombies
  4 stone giant zombies (WizLab)
  A tengu zombie (WizLab)
  An orb spider (Zig:5)
  16 salamanders
  14 wolf spiders
  68 deep elf magi
  A shining eye (shapeshifter) (D:15)
  4 cyclopes
  A worldbinder (Abyss:3)
  54 ugly things
  A sphinx skeleton (Vaults:3)
  12 elephants
  6 orc sorcerers
  Maurice (D:13)
  7 manticores
  2 merfolk sirens
  A frost giant skeleton (Depths:2)
  48 black mambas
  A fire giant skeleton (Zig:6)
  21 guardian serpents
  A water nymph (Shoals:4)
  A molten gargoyle (Desolation)
  17 vault sentinels
  A storm dragon simulacrum (Vaults:3)
  34 naga magi
  3 orange demons
  11 spiny frogs
  4 smoke demons
  2 gargoyles
  A hellion (Abyss:1)
  8 komodo dragons
  A torpor snail (Lair:5)
  8 centaur skeletons
  A yaktaur (shapeshifter) (Vaults:4)
  53 yaktaurs
  A tormentor (Abyss:1)
  5 ice devils
  7 rime drakes
  9 freezing wraiths
  6 guardian mummies
  2 tengu conjurers
  2 ancient zymes
  An elf skeleton (Depths:3)
  2 red devils
  A troll (shapeshifter) (Vaults:2)
  2 wind drakes
  A pale draconian skeleton (Crypt:1)
  2 meliai (shapeshifter)
  5 trolls
  A jumping spider (Zig:5)
  19 two-headed ogres
  A polar bear (shapeshifter) (Depths:3)
  2 jumping spiders (shapeshifter)
  11 merfolk
  54 saltlings
  3 hornets
  Grinder (D:6)
  A raiju (Abyss:3)
  2 meliai zombies
  3 snapping turtles
  11 blink frogs
  A fire dragon zombie (WizLab)
  A blink frog (shapeshifter) (Vaults:2)
  5 dream sheep
  32 slime creatures
  A hippogriff (shapeshifter) (Vaults:4)
  12 hippogriffs
  A hornet (shapeshifter) (Abyss:3)
  A flying skull (Zig:6)
  3 ettin zombies
  A spriggan (shapeshifter) (Elf:3)
  A spriggan skeleton (Depths:2)
  A spriggan zombie (WizLab)
  2 tarantellas
  A tarantella (shapeshifter) (Elf:3)
  7 water elementals
  3 vampires
  3 shadows
  3 redbacks
  6 wraiths
  2 ushabtiu (Zig:6)
  9 air elementals
  2 hogs (shapeshifter)
  6 wyverns
  A spriggan simulacrum (Depths:3)
  7 basilisks
  4 fire elementals
  A human (shapeshifter) (Vaults:1)
  5 hungry ghosts
  A steam dragon (D:15)
  77 yaks
  A chaos spawn (Abyss:3)
  15 humans (D:13)
  Grum (D:9)
  12 vampire mosquitoes
  2 neqoxecs
  10 wargs
  Menkaure (D:4)
  46 nagas
  A deep troll zombie (Crypt:1)
  5 insubstantial wisps (Abyss:3)
  A monstrous demonspawn zombie (WizLab)
  4 large abominations
  2 acid dragons
  6 porcupines
  7 hell hounds
  11 water moccasins
  2 black bears
  A hornet zombie (D:13)
  8 ice beasts
  A merfolk skeleton (Abyss:3)
  3 sky beasts
  A sky beast (shapeshifter) (Depths:3)
  34 orc warriors
  10 small abominations
  33 ogres
  3 phantoms
  10 boggarts
  A crocodile (shapeshifter) (Vaults:4)
  7 wolves
  33 centaurs
  18 crocodiles
  5 human zombies
  A big kobold (D:9)
  24 bullfrogs
  A gnoll sergeant (D:13)
  Blork the orc (D:5)
  An earth elemental (Elf:3)
  4 human skeletons
  A scorpion (shapeshifter) (Vaults:5)
  3 scorpions
  2 troll zombies (D:12)
  A polar bear zombie (Crypt:1)
  A queen bee zombie (Crypt:1)
  A water moccasin skeleton (D:11)
  The ghost of Herrn the Skirmisher, a weakling FoMo (D:3)
  4 howler monkeys
  2 electric eels (Lair:2)
  19 crimson imps
  4 centaur zombies
  A jelly (D:10)
  A bullfrog zombie (D:11)
  2 quasits
  6 hounds
  22 orc priests
  6 iron imps
  23 orc wizards
  Natasha (thrice) (D:2 D:3)
  5 iguanas
  5 worker ants
  6 ogre zombies (D:12)
  4 hound skeletons
  8 mummies
  5 gnolls (D:13)
  6 adders
  5 shadow imps
  9 white imps
  An ooze (D:1)
  2 adder skeletons
  3 worms
  A dart slug (D:2)
  4 leopard geckos
  69 orcs
  A ball python (D:2)
  2 giant cockroaches
  8 goblins
  6 hobgoblins
  7 jackals
  9 kobolds
  6 quokkas
  6 bats
  4 frilled lizards
  A frilled lizard zombie (Crypt:1)
  3 goblin zombies (D:12)
  A hobgoblin skeleton (D:12)
  A hobgoblin zombie (D:12)
  An orc skeleton (D:12)
  20 orc zombies
  A quokka zombie (Crypt:1)
  7 rats
  2 crawling corpses (Elf:3)
  A fire vortex (Depths:3)
2087 creatures vanquished.

Vanquished Creatures (collateral kills)
  A nagaraja (Snake:4)
  A stone giant (Depths:3)
  A great orb of eyes (Vaults:1)
  Urug (D:13)
  2 naga sharpshooters
  A deep troll earth mage (Depths:3)
  A shock serpent (Snake:3)
  A wizard (D:13)
  A naga ritualist (Snake:4)
  An ugly thing (D:15)
  A salamander (Snake:4)
  A slime creature (D:15)
  3 black mambas
  A guardian serpent (Snake:4)
  3 naga magi
  A spiny frog (Lair:6)
  A saltling (Desolation)
  2 blink frogs (Lair:6)
  A wyvern (D:15)
  A yak (shapeshifter) (D:15)
  6 humans (D:13)
  A vampire mosquito (D:15)
  6 nagas
  A hornet zombie (D:15)
  4 centaurs
  A crocodile (Lair:6)
  A bullfrog (D:15)
  A fungus (Lair:6)
47 creatures vanquished.

Vanquished Creatures (others)
  A wizard (D:13)
  A guardian serpent (Snake:4)
  2 humans (Elf:1)
  A naga (Snake:4)
  A slave (D:7)
  An orc wizard (Orc:2)
  A white imp (Depths:1)
  5 orcs
  A quokka (D:7)
  59 bushes (Depths:1)
  5 fungi
  44 plants
  4 starspawn tentacles (Abyss:3)
126 creatures vanquished.

Grand Total: 2260 creatures vanquished

Notes
Turn   | Place    | Note
-------+----------+-------------------------------------------
     0 | D:1      | MackRandom the Draconian Wanderer began the quest for the Orb.
     0 | D:1      | MackRandom set off with: a +2 short sword, a +0 mace, a potion of curing, a bread ration {@e1}
     0 | D:1      | Reached XP level 1. HP: 22/22 MP: 1/1
   228 | D:1      | Reached skill level 5 in Fighting
   228 | D:1      | Reached XP level 2. HP: 29/29 MP: 2/2
   573 | D:2      | Reached skill level 1 in Dodging
   622 | D:2      | Reached XP level 3. HP: 35/36 MP: 3/3
   667 | D:2      | Noticed Natasha
   758 | D:2      | Killed Natasha
   758 | D:2      | Reached skill level 2 in Dodging
   819 | D:2      | Noticed Natasha
   829 | D:2      | Killed Natasha
   829 | D:2      | Reached XP level 4. HP: 36/42 MP: 4/4
   866 | D:2      | Reached skill level 3 in Dodging
  1304 | D:3      | Noticed Herrn's ghost (weakling FoMo)
  1339 | D:3      | Killed Herrn's ghost
  1339 | D:3      | Reached XP level 5. HP: 30/48 MP: 5/5
  1461 | D:3      | Noticed Natasha
  1477 | D:3      | Killed Natasha
  1477 | D:3      | Reached skill level 4 in Dodging
  1528 | D:3      | Found an opulent altar of Gozag.
  1621 | D:3      | Found an iron altar of Okawaru.
  1636 | D:3      | Found a shadowy altar of Dithmenos.
  1649 | D:3      | Became a worshipper of Warmaster Okawaru
  2007 | D:4      | Noticed a hand axe
  2008 | D:4      | Noticed a dagger
  2010 | D:4      | Found a hide-covered altar of Uskayaw.
  2122 | D:4      | Noticed Menkaure
  2136 | D:4      | Killed Menkaure
  2136 | D:4      | Reached skill level 5 in Dodging
  2136 | D:4      | Reached XP level 6. HP: 56/56 MP: 6/6
  2231 | D:4      | Found a deep blue altar of Sif Muna.
  2259 | D:4      | Found a staircase to the Ecumenical Temple.
  2299 | Temple   | Entered the Ecumenical Temple
  2520 | D:4      | Reached * piety under Okawaru
  2847 | D:5      | Entered Level 5 of the Dungeon
  2880 | D:4      | Reached skill level 6 in Dodging
  2915 | D:5      | Found an iron altar of Okawaru.
  2984 | D:5      | HP: 11/56 [orc/falchion (6)]
  3259 | D:5      | Noticed Blork the orc
  3274 | D:5      | Your scales start taking on a pale cyan-grey colour.
  3274 | D:5      | Reached XP level 7. HP: 61/61 MP: 7/7
  3289 | D:5      | Killed Blork the orc
  3663 | D:5      | Noticed a yak
  3663 | D:5      | Noticed a yak
  3666 | D:5      | Noticed a yak
  3676 | D:5      | Killed a yak
  3676 | D:5      | Reached ** piety under Okawaru
  3676 | D:5      | Reached skill level 4 in Maces & Flails
  3690 | D:5      | Killed a yak
  3690 | D:5      | Reached skill level 5 in Maces & Flails
  3690 | D:5      | Reached XP level 8. HP: 60/68 MP: 8/8
  3706 | D:5      | Reached skill level 6 in Maces & Flails
  4045 | D:6      | Found a burning altar of Makhleb.
  4051 | D:6      | Found a blossoming altar of Fedhas.
  4116 | D:6      | Noticed Grinder
  4123 | D:6      | Reached skill level 7 in Maces & Flails
  4145 | D:6      | Killed Grinder
  4168 | D:6      | Reached skill level 8 in Maces & Flails
  4350 | D:6      | Reached skill level 9 in Maces & Flails
  4461 | D:6      | Reached XP level 9. HP: 74/74 MP: 9/9
  4720 | D:7      | Reached *** piety under Okawaru
  4751 | D:7      | Reached skill level 10 in Maces & Flails
  4758 | D:7      | HP: 11/74 [orc priest/nerve-wracking pain (8)]
  4761 | D:7      | HP: 2/74 [orc priest/nerve-wracking pain (10)]
  5116 | D:7      | Gained mutation: You passively map a small area around you. [potion of beneficial mutation]
  5117 | D:7      | Gained mutation: You are somewhat resistant to further mutation. [potion of beneficial mutation]
  5147 | D:7      | Found Gebytedu's Food Boutique.
  5152 | D:7      | Noticed Pikel
  5179 | D:7      | Killed Pikel
  5179 | D:7      | Reached **** piety under Okawaru
  5179 | D:7      | Reached skill level 11 in Maces & Flails
  5689 | D:8      | Found Ufonocem's Magic Scroll Emporium.
  5697 | D:8      | Bought a scroll of enchant weapon for 112 gold pieces
  5697 | D:8      | Bought a scroll of teleportation for 45 gold pieces
  5697 | D:8      | Bought a scroll of identify for 30 gold pieces
  5741 | D:8      | Reached skill level 12 in Maces & Flails
  5854 | D:8      | Found a basalt altar of Yredelemnul.
  5855 | D:8      | Found a shattered altar of Ashenzari.
  6039 | D:8      | Reached skill level 7 in Dodging
  6055 | D:8      | Reached XP level 10. HP: 81/81 MP: 10/10
  6493 | D:9      | Found a staircase to the Lair.
  6600 | D:9      | Reached skill level 6 in Fighting
  6652 | D:9      | Reached ***** piety under Okawaru
  6878 | D:9      | Reached skill level 8 in Dodging
  6949 | D:9      | Reached skill level 7 in Fighting
  7110 | D:9      | Noticed Grum
  7115 | D:9      | Noticed Oki's ghost (journeyman OpMo)
  7119 | D:9      | Received a gift from Okawaru
  7147 | D:9      | Killed Grum
  7202 | D:9      | Killed Oki's ghost
  7202 | D:9      | Reached skill level 8 in Fighting
  7202 | D:9      | Reached skill level 9 in Dodging
  7533 | D:9      | Reached skill level 1 in Shields
  7772 | D:9      | Reached skill level 2 in Shields
  7794 | D:9      | Reached skill level 3 in Shields
  7794 | D:9      | Reached XP level 11. HP: 95/95 MP: 11/11
  7842 | D:9      | Reached skill level 4 in Shields
  8176 | D:10     | Entered Level 10 of the Dungeon
  8317 | D:10     | Noticed Erica
  8335 | D:10     | Killed Erica
  8335 | D:10     | Reached skill level 9 in Fighting
  8603 | D:10     | Noticed Snorg
  8636 | D:10     | Killed Snorg
  8636 | D:10     | Reached skill level 3 in Invocations
  8898 | D:10     | Reached skill level 4 in Invocations
  8943 | D:10     | Reached skill level 5 in Invocations
  9216 | D:10     | Noticed a hill giant
  9227 | D:10     | Killed a hill giant
  9387 | Lair:1   | Entered Level 1 of the Lair of Beasts
  9460 | Lair:1   | Reached skill level 6 in Invocations
  9562 | Lair:1   | You fall through a shaft!
  9586 | Lair:2   | Reached skill level 7 in Invocations
  9656 | Lair:2   | HP: 9/97 [merfolk/trident (17)]
  9658 | Lair:2   | Reached skill level 8 in Invocations
  9660 | Lair:2   | Received a gift from Okawaru
  9994 | Lair:2   | Found a staircase to the Shoals.
 10111 | Lair:2   | Received a gift from Okawaru
 10520 | Lair:1   | Reached skill level 9 in Invocations
 10652 | Lair:1   | Learned a level 2 spell: Repel Missiles
 10655 | Lair:1   | Learned a level 2 spell: Swiftness
 10737 | Lair:1   | Reached XP level 12. HP: 82/104 MP: 18/18
 10920 | Lair:2   | Reached skill level 1 in Spellcasting
 10920 | Lair:2   | Reached skill level 1 in Charms
 10920 | Lair:2   | Reached skill level 1 in Air Magic
 11096 | Lair:2   | Got a pair of ichor-stained boots
 11108 | Lair:2   | Identified the +0 pair of boots of the Eight Boll Weevils {rCorr} (You found it on level 2 of the Lair of Beasts)
 11427 | Lair:2   | Reached skill level 2 in Air Magic
 11732 | Lair:3   | Noticed a catoblepas
 11770 | Lair:3   | Killed a catoblepas
 11770 | Lair:3   | Reached skill level 2 in Spellcasting
 11770 | Lair:3   | Reached skill level 2 in Charms
 11947 | Lair:3   | Learned a level 3 spell: Regeneration
 12188 | Lair:3   | Reached skill level 3 in Air Magic
 12202 | Lair:3   | Identified a scroll of acquirement
 12323 | Lair:3   | Found a staircase to the Snake Pit.
 12341 | Lair:3   | Reached skill level 3 in Spellcasting
 12410 | Lair:3   | Reached ****** piety under Okawaru
 12410 | Lair:3   | Received a gift from Okawaru
 12665 | Lair:4   | Reached skill level 3 in Charms
 12802 | Lair:4   | Reached skill level 4 in Air Magic
 12955 | Lair:4   | Found a shattered altar of Ashenzari.
 13037 | Lair:4   | Reached skill level 4 in Spellcasting
 13330 | Lair:4   | Reached skill level 5 in Air Magic
 13366 | Lair:4   | Reached skill level 4 in Charms
 13934 | Lair:5   | Reached skill level 5 in Spellcasting
 14025 | Lair:5   | Received a gift from Okawaru
 14025 | Lair:5   | Reached skill level 1 in Necromancy
 14069 | Lair:5   | Noticed a seven-headed hydra
 14078 | Lair:5   | Noticed a five-headed hydra
 14082 | Lair:5   | Killed a seven-headed hydra
 14082 | Lair:5   | Reached skill level 5 in Charms
 14082 | Lair:5   | Reached skill level 2 in Necromancy
 14172 | Lair:6   | Entered Level 6 of the Lair of Beasts
 14259 | Lair:6   | Reached skill level 3 in Necromancy
 14268 | Lair:6   | Reached XP level 13. HP: 69/111 MP: 6/20
 14435 | Lair:6   | Reached skill level 6 in Charms
 14517 | Lair:6   | Reached skill level 4 in Necromancy
 14814 | Lair:6   | Reached skill level 5 in Necromancy
 14918 | Lair:6   | Found a viscous altar of Jiyva.
 14918 | Lair:6   | Found a staircase to the Slime Pits.
 14946 | Lair:6   | Received a gift from Okawaru
 14982 | Lair:6   | Reached skill level 6 in Spellcasting
 15008 | Lair:6   | Got a pair of translucent boots {god gift}
 15019 | Lair:6   | Identified the +0 pair of boots of Contentment {Stlth+} (Okawaru gifted it to you on level 6 of the Lair of Beasts)
 15315 | Lair:6   | Learned a level 4 spell: Animate Dead
 15338 | Lair:6   | Reached skill level 7 in Spellcasting
 15574 | Lair:6   | Reached skill level 8 in Spellcasting
 15574 | Lair:6   | Reached skill level 6 in Necromancy
 15757 | Lair:6   | Found a white marble altar of Elyvilon.
 15810 | Lair:6   | Noticed a dire elephant
 15842 | Lair:6   | Killed a dire elephant
 16064 | Lair:6   | Found a burning altar of Makhleb.
 16091 | Lair:6   | Reached skill level 10 in Fighting
 16171 | Lair:6   | Found a gateway to Hell.
 16446 | Lair:5   | Reached XP level 14. HP: 50/122 MP: 8/26
 16622 | Lair:5   | Reached skill level 11 in Fighting
 16790 | Lair:5   | Received a gift from Okawaru
 16803 | Lair:5   | Got a twisted cloak {god gift}
 16814 | Lair:5   | Identified the +0 cloak "Waone" {rC+ Str+2} (Okawaru gifted it to you on level 5 of the Lair of Beasts)
 17255 | D:11     | Reached skill level 12 in Fighting
 17732 | D:11     | Found Dosode Bogyk's Distillery.
 17737 | D:11     | Bought a potion of curing for 48 gold pieces
 17737 | D:11     | Bought a potion of curing for 48 gold pieces
 17737 | D:11     | Bought a potion of might for 64 gold pieces
 17737 | D:11     | Bought a potion of curing for 48 gold pieces
 17860 | D:12     | Noticed Harold
 17872 | D:12     | Noticed Herrn's ghost (journeyman FoMo)
 17949 | D:12     | HP: 24/127 [Herrn's ghost (10)]
 17951 | D:12     | Killed Herrn's ghost
 17961 | D:12     | Killed Harold
 18345 | D:12     | Found a staircase to the Orcish Mines.
 18469 | D:12     | Got a smoking steel ring
 18471 | D:12     | Identified the ring of Biunadof {Ice +Inv Str+4} (You found it on level 12 of the Dungeon)
 18549 | D:12     | Reached skill level 13 in Fighting
 19022 | Orc:1    | Entered Level 1 of the Orcish Mines
 19143 | Orc:1    | Noticed Shushpanzer's ghost (journeyman GrFi)
 19166 | Orc:1    | HP: 32/129 [Shushpanzer's ghost (5)]
 19500 | Orc:1    | Killed Shushpanzer's ghost
 19500 | Orc:1    | Received a gift from Okawaru
 19545 | Orc:1    | Noticed Nergalle
 19574 | Orc:1    | Killed Nergalle
 20152 | Orc:1    | Received a gift from Okawaru
 20338 | Orc:1    | Noticed Erolcha
 20371 | Orc:1    | Killed Erolcha
 20584 | Orc:2    | Entered Level 2 of the Orcish Mines
 20584 | Orc:2    | Found a staircase to the Elven Halls.
 20707 | Orc:2    | Reached skill level 13 in Maces & Flails
 21475 | Orc:2    | HP: 32/129 [orc knight/dire flail (17)]
 22220 | Orc:2    | Found Luod Xaet's Magic Scroll Emporium.
 22220 | Orc:2    | Found Digeirr's Antique Armour Shop.
 22222 | Orc:2    | Found Wapaq's Assorted Antiques.
 22222 | Orc:2    | Found Zoun's Gadget Shop.
 22237 | Orc:2    | Reached skill level 14 in Maces & Flails
 22379 | Orc:2    | Bought a scroll of identify for 28 gold pieces
 22381 | Orc:2    | Bought a scroll of blinking for 225 gold pieces
 22384 | Orc:2    | Bought a pair of embroidered boots for 325 gold pieces
 22407 | Orc:2    | Bought a +0 rod of shadows (9/9) for 1190 gold pieces
 22484 | D:12     | Reached skill level 1 in Evocations
 22540 | D:13     | Noticed Maurice
 22572 | D:13     | Reached skill level 2 in Evocations
 22604 | D:13     | Noticed Urug
 22630 | D:13     | Killed Urug
 22633 | D:13     | Reached skill level 3 in Evocations
 22803 | D:13     | Reached XP level 15. HP: 106/135 MP: 9/27
 22817 | D:13     | Reached skill level 4 in Evocations
 22858 | D:13     | Learned a level 5 spell: Agony
 22921 | D:13     | Reached skill level 5 in Evocations
 22934 | D:13     | Found a gate to the Vaults.
 23072 | D:13     | Reached skill level 6 in Evocations
 23105 | D:13     | Received a gift from Okawaru
 23507 | D:13     | Reached skill level 7 in Evocations
 23537 | D:13     | Killed Maurice
 23980 | D:14     | Noticed Azrael
 24009 | D:14     | Killed Azrael
 24009 | D:14     | Reached skill level 8 in Evocations
 24455 | D:14     | Reached skill level 9 in Evocations
 24855 | D:14     | Received a gift from Okawaru
 24958 | D:15     | Entered Level 15 of the Dungeon
 25015 | D:15     | Reached skill level 10 in Evocations
 25650 | D:15     | Reached skill level 11 in Evocations
 26121 | D:15     | Found a staircase to the Depths.
 26478 | D:15     | Reached skill level 12 in Evocations
 26500 | D:15     | Received a gift from Okawaru
 26990 | Snake:1  | Entered Level 1 of the Snake Pit
 27043 | Snake:1  | HP: 27/135 [black mamba (7)]
 27049 | Snake:1  | HP: 13/135 [poisoned by a naga ritualist]
 27647 | Snake:1  | Reached XP level 16. HP: 94/143 MP: 9/28
 28379 | Snake:1  | You fall through a shaft!
 28404 | Snake:2  | Identified a +2 iron rod (11/11) (You found it on level 15 of the Dungeon)
 28480 | Snake:2  | Reached skill level 10 in Dodging
 29521 | Snake:1  | Found an opulent altar of Gozag.
 29920 | Snake:2  | Received a gift from Okawaru
 29976 | Snake:2  | Reached skill level 14 in Fighting
 30888 | Snake:3  | Reached skill level 11 in Dodging
 31240 | Snake:3  | Found Houj's Book Emporium.
 31240 | Snake:3  | Found Feboatu's Food Shoppe.
 31670 | Snake:3  | Received a gift from Okawaru
 31679 | Snake:3  | Got an iridescent flail {god gift}
 31680 | Snake:3  | Identified the +2 flail "Ifioriut" {speed, Dex+3} (Okawaru gifted it to you on level 3 of the Snake Pit)
 32564 | Snake:3  | Found a glowing silver altar of Zin.
 32620 | Snake:3  | Reached skill level 15 in Fighting
 33062 | Snake:4  | Entered Level 4 of the Snake Pit
 33638 | Snake:4  | Noticed Roxanne
 34011 | Snake:4  | Received a gift from Okawaru
 34224 | Snake:4  | Reached skill level 12 in Dodging
 34248 | Snake:4  | HP: 36/149 [naga warrior/scimitar (29)]
 34253 | Snake:4  | HP: 18/149 [poisoned by a naga ritualist (toxic radiance)]
 34256 | Snake:4  | HP: 6/149 [naga warrior/scimitar (5)]
 34261 | Snake:4  | HP: 34/149 [naga warrior/scimitar (1)]
 34266 | Snake:4  | HP: 10/149 [naga warrior/scimitar (18)]
 34669 | Snake:3  | Received a gift from Okawaru
 34669 | Snake:3  | Reached XP level 17. HP: 98/156 MP: 9/29
 34672 | Snake:3  | Got a twisted dire flail {god gift}
 34678 | Snake:3  | Identified the +2 dire flail of Weaboawa {flame, rC- Str+3} (Okawaru gifted it to you on level 3 of the Snake Pit)
 35686 | Snake:4  | Reached skill level 16 in Fighting
 35711 | Snake:4  | Received a gift from Okawaru
 35715 | Snake:4  | Got a pair of warped gloves {god gift}
 35737 | Snake:4  | Cast into level 1 of the Abyss (naga)
 35848 | Abyss:1  | Found a stormy altar of Qazlal.
 36061 | Abyss:1  | Paralysed by accursed screaming for 2 turns
 36124 | Abyss:2  | Identified the +0 pair of gloves of Inaction {Slay+3 Stlth+} (Okawaru gifted it to you on level 4 of the Snake Pit)
 36166 | Abyss:2  | Noticed a bone dragon
 36357 | Abyss:3  | Noticed a bone dragon
 36386 | Abyss:3  | Killed a bone dragon
 36386 | Abyss:3  | Reached skill level 13 in Dodging
 36594 | Abyss:3  | HP: 32/128 [smoke demon/divine providence (9)]
 36595 | Abyss:3  | Paralysed by accursed screaming for 2 turns
 36745 | Abyss:3  | HP: 30/144 [red draconian/dire flail of protection (9)]
 36757 | Snake:4  | Escaped the Abyss
 37166 | Snake:4  | Upgraded the game from 0.20-a0-269-g17f5411 to 0.20-a0-270-g8e735b6
 37653 | Snake:4  | Received a gift from Okawaru
 38033 | Snake:4  | Got a crude halberd {god gift}
 38055 | Snake:4  | Identified the +8 halberd "Boguf" {chop, rElec MR+ Dex+2} (Okawaru gifted it to you on level 4 of the Snake Pit)
 38341 | Snake:4  | Got a serpentine rune of Zot
 38403 | Snake:4  | Reached skill level 14 in Dodging
 38440 | Snake:3  | Reached skill level 15 in Maces & Flails
 38458 | Snake:3  | Reached XP level 18. HP: 119/168 MP: 10/30
 38471 | Snake:3  | Received a gift from Okawaru
 38882 | Shoals:1 | Entered Level 1 of the Shoals
 39048 | Shoals:2 | Identified the Volume of Enchanting Contamination
 39259 | Shoals:4 | Entered Level 4 of the Shoals
 39667 | Shoals:4 | Got a barnacled rune of Zot
 40319 | Vaults:1 | Entered Level 1 of the Vaults
 40971 | Vaults:1 | HP: 35/168 [deep troll[an ironheart preserver] (15)]
 41008 | Vaults:1 | Received a gift from Okawaru
 41008 | Vaults:1 | Reached skill level 16 in Maces & Flails
 41012 | Vaults:1 | HP: 42/168 [vault guard/war axe[a vault warden] (9)]
 41026 | Vaults:1 | Got a pair of crude gloves {god gift}
 41314 | Vaults:1 | Identified the +2 pair of gloves of Oblivion {+Fly rF- rC+ rN++} (Okawaru gifted it to you on level 1 of the Vaults)
 41380 | Vaults:1 | Reached skill level 15 in Dodging
 41874 | Vaults:1 | HP: 39/168 [centaur warrior (4)]
 41880 | Vaults:1 | HP: 23/168 [centaur warrior (4)]
 41888 | Vaults:1 | HP: 30/168 [yaktaur/bolt[a boggart] (2)]
 42730 | Vaults:1 | Found Hoevyuli's Antique Weapon Emporium.
 42900 | Vaults:2 | Found a ruined gateway.
 42923 | Desolati | Entered the Desolation of Salt
 43058 | Desolati | Reached XP level 19. HP: 168/174 MP: 10/31
 43226 | Desolati | Reached skill level 17 in Maces & Flails
 43519 | Desolati | Reached skill level 16 in Dodging
 43527 | Desolati | Received a gift from Okawaru
 43676 | Desolati | Got a bound copper ring
 43679 | Desolati | Got a transparent brass ring
 43691 | Desolati | Identified the ring "Ymon" {Wiz rPois rC+ Str-4} (You found it in the Desolation of Salt)
 43693 | Desolati | Identified the ring of Heovuhe {rElec rF+ rC+ Int-4 Stlth+} (You found it in the Desolation of Salt)
 44060 | Desolati | Identified a +5 lightning rod (14/14) (You found it in the Desolation of Salt)
 44082 | Desolati | Got a fine iron ring
 44092 | Desolati | Got a scorched golden ring
 44094 | Desolati | Identified the ring of Ybameq {MR+ SInv} (You took it off a ragged hierophant in the Desolation of Salt)
 44099 | Desolati | Identified the ring of Ussur {+Fly rC- rN+ Slay+3} (You found it in the Desolation of Salt)
 44228 | Desolati | Identified Sif Muna's Almanac of Flamy Displacement
 44232 | Desolati | Got a coiled jade amulet
 44233 | Desolati | Identified the amulet "Ufuty" {Gourm +Fly Str-2 Dex+7 Stlth+} (You found it in the Desolation of Salt)
 44235 | Desolati | Got a glittering pewter ring
 44237 | Desolati | Identified the ring of Hedonism {rC+ Str+3 Int+3} (You found it in the Desolation of Salt)
 44261 | Desolati | Got a bloodstained dire flail
 44267 | Desolati | Identified the +8 dire flail "Dithesk" {protect, rElec rPois rN++ Str-5} (You found it in the Desolation of Salt)
 44421 | Desolati | Got a sparkling marble ring
 44423 | Desolati | Identified the ring of Immorality {rCorr Str+3 Dex+2} (You found it in the Desolation of Salt)
 44566 | Vaults:2 | Reached skill level 18 in Maces & Flails
 44870 | Vaults:2 | Received a gift from Okawaru
 45266 | Vaults:2 | HP: 41/174 [red ugly thing (10)]
 45270 | Vaults:2 | Reached skill level 19 in Maces & Flails
 45964 | Vaults:2 | Noticed Boris
 46009 | Vaults:2 | Killed Boris
 46152 | Vaults:2 | Found a staircase to the Crypt.
 46676 | Vaults:2 | Reached XP level 20. HP: 129/182 MP: 10/32
 46824 | Vaults:3 | Received a gift from Okawaru
 47153 | Vaults:3 | Reached skill level 20 in Maces & Flails
 48081 | Vaults:3 | Noticed Bai Suzhen
 48122 | Vaults:3 | Killed Bai Suzhen
 48982 | Vaults:3 | Reached skill level 21 in Maces & Flails
 49579 | Vaults:4 | Received a gift from Okawaru
 50045 | Vaults:4 | Received a gift from Okawaru
 50156 | Vaults:4 | Found a radiant altar of Vehumet.
 50428 | Vaults:4 | Reached skill level 22 in Maces & Flails
 50666 | Vaults:4 | Found Gaumad's Jewellery Shoppe.
 51097 | Vaults:4 | Reached XP level 21. HP: 143/190 MP: 11/33
 51221 | Vaults:4 | Reached skill level 17 in Fighting
 51561 | Vaults:5 | Entered Level 5 of the Vaults
 51685 | Vaults:5 | Got a transparent turquoise ring
 51686 | Vaults:5 | Identified the ring of Acywet Raca {rPois Str-2 Int+5} (You found it on level 5 of the Vaults)
 51712 | Vaults:5 | Noticed an ancient lich
 51729 | Vaults:5 | Killed an ancient lich
 51729 | Vaults:5 | Received a gift from Okawaru
 51959 | Vaults:5 | HP: 46/193 [vault guard/broad axe (9)]
 51966 | Vaults:5 | HP: 39/193 [ogre mage (9)]
 51980 | Vaults:5 | Reached skill level 17 in Dodging
 52007 | Vaults:5 | Got a silver rune of Zot
 52028 | Vaults:5 | Got an encrusted lajatang
 52056 | Vaults:5 | Identified the +4 lajatang of Cuefoig {slice, Fragile rElec Int+3 Dex+3} (You found it on level 5 of the Vaults)
 52179 | Vaults:5 | Reached skill level 18 in Fighting
 52571 | Crypt:1  | Entered Level 1 of the Crypt
 52774 | Depths:1 | Entered Level 1 of the Depths
 53148 | Depths:1 | Received a gift from Okawaru
 53336 | Depths:1 | Found a one-way gate to the infinite horrors of the Abyss.
 53359 | Depths:1 | Noticed novi's ghost (adept MiBe)
 53663 | Depths:1 | Noticed a juggernaut
 53715 | Depths:1 | Killed novi's ghost
 53813 | Depths:1 | Identified Guahevel's Handbook of Igneous Earth
 53870 | Depths:1 | Noticed a juggernaut
 53903 | Depths:1 | Killed a juggernaut
 53903 | Depths:1 | Received a gift from Okawaru
 54125 | Depths:1 | Reached XP level 22. HP: 204/204 MP: 11/34
 54165 | Depths:1 | Reached skill level 19 in Fighting
 54301 | Depths:1 | Killed a juggernaut
 54839 | Elf:1    | Entered Level 1 of the Elven Halls
 54839 | Elf:1    | Noticed Kirke
 54849 | Elf:1    | Killed Kirke
 55059 | Elf:1    | Identified the Compendium of Arcane Weapons
 55556 | Elf:1    | Noticed Frances
 55567 | Elf:1    | Killed Frances
 55573 | Elf:1    | Found Rasawaev's Distillery.
 55577 | Elf:1    | Bought 2 potions of curing for 66 gold pieces
 55577 | Elf:1    | Bought a potion of curing for 33 gold pieces
 55744 | Elf:2    | Found a radiant altar of Vehumet.
 55943 | Elf:2    | Reached skill level 20 in Fighting
 55978 | Elf:2    | Noticed Asterion
 56012 | Elf:2    | HP: 42/209 [Asterion/morningstar of draining (39)]
 56024 | Elf:2    | Killed Asterion
 56370 | Elf:2    | Found a huge runed gate.
 56370 | Elf:2    | Found a huge runed gate.
 56370 | Elf:2    | Found a huge runed gate.
 56370 | Elf:2    | Found a huge runed gate.
 56385 | Elf:2    | Got an iridescent battleaxe
 56386 | Elf:2    | Identified the cursed +1 battleaxe of the Scroll {venom, MP-9 Str+3 Int+3} (You found it on level 2 of the Elven Halls)
 56394 | Elf:2    | Found a huge runed gate.
 56414 | Elf:2    | Noticed Donald
 56504 | Elf:2    | Killed Donald
 56521 | Elf:2    | Got a pitted shield
 56533 | Elf:2    | Identified the cursed +0 shield "Moami" {rPois Str-4 Int+3 Slay+2} (You took it off Donald on level 2 of the Elven Halls)
 56613 | Elf:2    | Reached skill level 5 in Shields
 56899 | Elf:2    | Reached skill level 6 in Shields
 57105 | Elf:3    | Entered Level 3 of the Elven Halls
 57114 | Elf:3    | Received a gift from Okawaru
 57274 | Elf:3    | Noticed Nikola
 57289 | Elf:3    | Killed Nikola
 57289 | Elf:3    | Reached skill level 7 in Shields
 57341 | Elf:3    | Got a steaming golden ring
 57837 | Elf:3    | Reached skill level 8 in Shields
 57868 | Elf:3    | Reached skill level 9 in Shields
 57909 | Elf:3    | Received a gift from Okawaru
 57926 | Elf:3    | HP: 52/211 [deep elf high priest/divine providence (15)]
 57926 | Elf:3    | HP: 13/211 [deep elf death mage/bolt of negative energy (39)]
 58165 | Elf:3    | Reached skill level 10 in Shields
 58457 | Elf:3    | Reached skill level 11 in Shields
 58469 | Elf:3    | Reached XP level 23. HP: 197/217 MP: 6/35
 58515 | Elf:3    | Identified the cursed ring "Voaseaxoodgh" {Str-3 Int-2 Dex-3 SInv Stlth+} (You found it on level 3 of the Elven Halls)
 58587 | Elf:3    | Got a brightly glowing glaive {chop}
 58587 | Elf:3    | Got a coiled bronze ring
 58931 | Elf:3    | Identified the ring of the Hare {rC- rN+ Int+4 Dex+2} (You took it off a deep elf sorcerer on level 3 of the Elven Halls)
 58960 | Elf:3    | Got a pitted turquoise ring
 58980 | Elf:3    | Got a vibrating wooden ring
 58982 | Elf:3    | Identified the ring "Muntuc" {*Drain +Blink rN+++ MP-9 Stlth-} (You found it on level 3 of the Elven Halls)
 58985 | Elf:3    | Identified the ring of Gammiop {Ice rN+ Str-5 Int+2} (You took it off a deep elf high priest on level 3 of the Elven Halls)
 59045 | Elf:3    | Got an ebony hand crossbow
 59057 | Elf:3    | Got a steaming platinum ring
 59059 | Elf:3    | Identified the ring of Vepuonum {+Fly rPois rC+ Str+3 Int-2} (You found it on level 3 of the Elven Halls)
 59076 | Elf:3    | Got a crude turquoise ring
 59077 | Elf:3    | Identified the ring "Bomoh" {rF+ rC++} (You acquired it on level 3 of the Elven Halls)
 59128 | Elf:3    | Reached skill level 12 in Shields
 59154 | Elf:3    | Got a steaming jade ring
 59183 | Elf:3    | Identified the ring of the Bull {rF+ MP+9} (You found it on level 3 of the Elven Halls)
 59919 | Depths:2 | Received a gift from Okawaru
 60184 | Depths:2 | Reached skill level 13 in Shields
 60207 | Depths:2 | Found a one-way gate leading to the halls of Pandemonium.
 60689 | Depths:2 | Got a scorched bronze ring
 60704 | Depths:2 | Noticed a caustic shrike
 60727 | Depths:2 | Killed a caustic shrike
 60744 | Depths:2 | Found Bihikk's Antique Weapon Shop.
 60800 | Depths:2 | Noticed a caustic shrike
 60815 | Depths:2 | Killed a caustic shrike
 60815 | Depths:2 | Reached skill level 14 in Shields
 61644 | Depths:3 | Found a magical portal.
 61649 | WizLab   | Entered Doroklohe's Tomb
 61833 | WizLab   | Noticed an ancient lich
 61844 | WizLab   | Killed an ancient lich
 61851 | WizLab   | Identified the ring of Piejulec {Fire Int+4 Dex+4 Stlth+} (You took it off a vampire knight on level 2 of the Depths)
 61996 | WizLab   | Reached skill level 15 in Shields
 62510 | Depths:3 | Received a gift from Okawaru
 62518 | Depths:3 | Got a scorched cloak {god gift}
 62529 | Depths:3 | Identified the +0 cloak of the Comet {*Slow rPois Int+5 SInv} (Okawaru gifted it to you on level 3 of the Depths)
 62697 | Depths:3 | Noticed a caustic shrike
 62709 | Depths:3 | Killed a caustic shrike
 62709 | Depths:3 | Reached skill level 21 in Fighting
 62756 | Depths:3 | HP: 46/220 [fire giant/fireball (19)]
 62787 | Depths:3 | HP: 32/220 [vampire knight/great sword (25)]
 63204 | Depths:3 | Noticed a caustic shrike
 63221 | Depths:3 | Killed a caustic shrike
 63299 | Depths:3 | Reached XP level 24. HP: 220/231 MP: 10/35
 63448 | Depths:3 | Reached skill level 22 in Fighting
 63923 | Depths:4 | Found a gateway to a ziggurat.
 64041 | Zig:1    | Entered Level 1 of a ziggurat
 64041 | Zig:1    | Noticed a juggernaut
 64060 | Zig:1    | Killed a juggernaut
 64108 | Zig:2    | Entered Level 2 of a ziggurat
 64288 | Zig:3    | Entered Level 3 of a ziggurat
 64331 | Zig:4    | Entered Level 4 of a ziggurat
 64331 | Zig:4    | Noticed Herrn's ghost (legendary NaMo)
 64390 | Zig:5    | Entered Level 5 of a ziggurat
 64740 | Zig:5    | Reached skill level 23 in Fighting
 64740 | Zig:5    | Reached XP level 25. HP: 177/243 MP: 2/35
 64880 | Zig:6    | Entered Level 6 of a ziggurat
 64911 | Zig:6    | Noticed a greater mummy
 64945 | Zig:6    | Killed a greater mummy
 64962 | Zig:6    | Identified a +3 rod of clouds (10/10) (You found it on level 6 of a ziggurat)
 64964 | Zig:6    | Identified the Catalogue of the Invisible Emperors
 65191 | Zig:7    | Entered Level 7 of a ziggurat
 65472 | Zig:8    | Entered Level 8 of a ziggurat
 65536 | Depths:4 | Reached skill level 24 in Fighting
 65536 | Depths:4 | Reached XP level 26. HP: 91/254 MP: 11/35
 66724 | Depths:4 | Received a gift from Okawaru
 66903 | Depths:4 | Reached skill level 25 in Fighting
 66954 | Depths:4 | HP: 54/258 [deep elf high priest/a malign offering (25)]
 66962 | Depths:4 | HP: 47/258 [tengu reaver/great mace of draining (8)]
 67471 | Depths:4 | Got an uncursed transparent great sword {flame}
 67831 | Temple   | Fell from the grace of Okawaru
 67831 | Temple   | Became a worshipper of the Shining One
 68096 | Vaults:1 | Bought the +10 dark maul {crush} for 2668 gold pieces
 68270 | Crypt:1  | Reached * piety under the Shining One
 68326 | Crypt:1  | HP: 42/260 [deep elf master archer/arrow[the fury of Okawaru] (31)]
 68327 | Crypt:1  | HP: 15/260 [fire giant/great sword of flaming[the fury of Okawaru] (25)]
 68364 | Crypt:1  | Reached ** piety under the Shining One
 68726 | Crypt:1  | Reached XP level 27. HP: 158/268 MP: 35/35
 68758 | Crypt:1  | HP: 61/268 [jiangshi (11)]
 68761 | Crypt:1  | Reached skill level 10 in Invocations
 68768 | Crypt:1  | Reached *** piety under the Shining One
 68776 | Crypt:1  | HP: 58/268 [fire giant/fireball[the fury of Okawaru] (18)]
 68779 | Crypt:2  | HP: 25/268 [vampire knight/enchanted dire flail (33)]
 68782 | Crypt:2  | Mangled by a vampire knight

Vault maps used:
D:1:      saegor_arrival_simple_d
D:2:      uniq_natasha
D:3:      lemuel_doored_altar, old_standard_altar, grunt_dithmenos_smoke
D:4:      dancing_weapons_uskayaw, led_sif_pool, first_bread, uniq_menkaure
D:5:      okawaru_ov_weapons_minmay, uniq_blork_the_orc
D:6:      lemuel_crystal_altar, fedhas_altar_3, hangedman_decor_riveting,
          uniq_grinder
D:7:      serial_shops, shop, uniq_pikel
D:8:      gammafunk_temple_overflow_statue, serial_shops, nicolae_shop_trees,
          grunt_ogre_cave
D:9:      lair_entry_dummy, uniq_grum
D:10:     uniq_erica, uniq_snorg
D:11:     serial_shops, kennysheep_little_box
D:12:     zombieorc2_lemuel, uniq_harold
D:13:     grunt_vaults_entry_tiered, spider_trap, uniq_maurice, uniq_urug
D:14:     serial_park_square1, uniq_azrael
D:15:     hangedman_depths_entry_try_elsewhere_first, minmay_misc_feat_plants,
          evilmike_minifort
Temple:   nicolae_temple_hex_pool
Lair:2:   elwin_shoals_entry_stream, infiniplex_staircase_pool,
          grunt_megastairs_5
Lair:3:   minmay_snake_entry_spellcaster, grunt_megastairs_4,
          lemuel_fruit_fields
Lair:4:   basic_altar, serial_bayou_shore_a, lemuel_fruit_fields,
          lemuel_fruit_fields
Lair:5:   infiniplex_staircase_pool_2, lemuel_fruit_tree
Lair:6:   evil_forest, dpeg_slime_entry_enclosed_altar, st_stairs_10,
          lemuel_centaur_altar, serial_bayou_shore_b
Shoals:1: dpeg_stationary_puzzle
Shoals:2: uniq_jorgrun
Shoals:4: shoals_end_grunt_ice, shoals_ilsuiw_alternative, ldierk_geyser,
          nicolae_shoals_hunting_party
Snake:1:  basic_altar, special_room, serial_bayou_shore_b
Snake:2:  fake_guardian_serpent_vault
Snake:3:  basic_altar, minmay_shoptagon
Snake:4:  grunt_snake_rune_serpentine_throne, hangedman_snake_wide_pillar_pass,
          uniq_roxanne
Orc:1:    nicolae_orc_accident_1, uniq_erolcha, uniq_nergalle
Orc:2:    grunt_orc_tribal_feast
Elf:1:    minmay_elf_arrival_summoners, serial_shops, shop,
          minmay_elf_annihilation, uniq_frances, uniq_kirke
Elf:2:    basic_altar, moated_statue, uniq_donald, uniq_asterion
Elf:3:    minmay_elf_hall_hex, stair_cage_line, st_stairs_6, minivault_15,
          spider_trap, uniq_nikola
Vaults:1: v_alt_pattern_5, hangedman_vaults_trim, nicolae_vaults_network_s,
          vaults_room_mumra_shop_pool, hangedman_vaults_river_flow,
          ontoclasm_vaults_spin, nicolae_vaults_puzzle_piece, serial_ice_m,
          nicolae_vaults_theta
Vaults:2: nicolae_vaults_twisting_passages, v_misc_17, grunt_vaults_swirl,
          nicolae_vaults_specimen_jars, hangedman_vaults_locks, v_rooms_1,
          nicolae_vaults_shelves_hall, nicolae_vaults_rhombus_5,
          nicolae_vaults_big_ls, ontoclasm_vaults_shuriken, dummy_crypt_entry,
          portal_desolation_entry_salt, uniq_boris
Vaults:3: ontoclasm_vaults_misaligned, grunt_vaults_funnel,
          nicolae_vaults_alarming, nicolae_vaults_network_periphery,
          hangedman_vaults_cutoff, serial_ice_b, uniq_bai_suzhen
Vaults:4: grunt_tower_of_power, v_misc_10, vaults_dpeg_ring,
          vaults_room_stairs_pillars, nicolae_vaults_puzzle_piece, v_misc_19,
          v_pattern_5, hangedman_vaults_maws, vaults_mumra_hex,
          ontoclasm_vaults_gateway, hangedman_vaults_trim,
          grunt_vaults_hallway_short, serial_shops, nicolae_shop_stone
Vaults:5: serial_shops
Crypt:1:  grunt_crypt_arrival_guarded_gate
Crypt:2:  grunt_ministairs_2, hangedman_weighted_door
Depths:1: grunt_hell_entry_demonic_statue, minmay_hedge_maze, abyss_entry,
          minmay_multi_spiral, serial_bayou_shore_b
Depths:2: minmay_sliced_demisemicircle, hangedman_geh_valley,
          rand_demon_pan_entry_9, serial_shops, shop,
          infiniplex_staircase_split_hallway, roderic_lattice_octagonal_star
Depths:3: minmay_crescents, minmay_tree_intersection, rand_demon_pan_entry_5,
          mu_enter_wizlab_7, pf_coc_iceberg, minmay_misc_feat_doors,
          infiniplex_staircase_zigzag_1
Depths:4: evilmike_diamond_2, enter_ziggurat_a, hell_entry, abyss_entry,
          kennysheep_nondescript, infiniplex_staircase_pool_1
Abyss:3:  evilmike_abyss_exit_17, evilmike_abyss_rune_tso_outpost,
          hangedman_abyss_or_decor_slice
Zig:4:    ziggurat_pillar_centre_c
Zig:6:    ziggurat_pillar_centre_dead_trees
WizLab:   wizlab_doroklohe

Skill      XL: |  1  2  3  4  5  6  7  8  9 10 11 12 13 14 15 16 17 18 19 20 21 22 23 24 25 26 27 |
---------------+----------------------------------------------------------------------------------+-----
Fighting       | 5 8 9 10 13 15 16 18 20 21 23 24 25 | 25.6
Dodging        | 1 2 3 5 6 7 9 12 14 15 16 17 | 17.8
Maces & Flails | 5 9 12 14 15 16 19 22 | 22.0
Shields        | 3 4 11 15 | 15.0
Invocations    | 9 10 | 10.0
Spellcasting   | 5 8 |  8.4
Charms         | 5 6 |  6.9
Air Magic      | 5 |  5.9
Necromancy     | 3 6 |  6.6
Evocations     | 3 12 | 12.2
Short Blades   | |  1.0
Throwing       | |  1.0
Stealth        | |  1.0

Action                   |  1- 3 |  4- 6 |  7- 9 | 10-12 | 13-15 | 16-18 | 19-21 | 22-24 | 25-27 || total
-------------------------+-------+-------+-------+-------+-------+-------+-------+-------+-------++-------
Melee: Short sword       |    69 |   225 |    29 |       |       |       |       |       |       ||   323
       Tailslap          |    11 |    40 |    69 |   252 |   499 |   529 |   728 |   478 |   155 ||  2761
       Mace              |       |       |   286 |       |       |       |       |       |       ||   286
       Whip              |       |       |   139 |  1050 |       |       |       |       |       ||  1189
       Punch             |       |       |     1 |     2 |       |       |       |       |       ||     3
       Demon whip        |       |       |       |   311 |  2294 |  2417 |  2591 |  1815 |   475 ||  9903
       Maul              |       |       |       |       |       |       |       |       |    63 ||    63
 Cast: Regeneration      |       |       |       |     2 |     7 |    31 |    40 |    13 |     1 ||    94
       Repel Missiles    |       |       |       |     1 |     5 |    14 |     3 |     3 |     5 ||    31
       Animate Dead      |       |       |       |       |    12 |    12 |     1 |     3 |       ||    28
       Agony             |       |       |       |       |       |     1 |       |       |       ||     1
Invok: Heroism           |       |       |     1 |     7 |    14 |    42 |    44 |    41 |     6 ||   155
       Finesse           |       |       |       |       |       |     4 |     5 |     3 |     2 ||    14
 Abil: Breathe Steam     |       |       |     5 |     7 |    11 |    11 |     6 |     4 |     2 ||    46
Evoke: Wand              |       |       |       |     4 |       |    11 |     6 |    10 |    10 ||    41
       Rod               |       |       |       |       |    11 |    12 |     2 |     1 |     3 ||    29
       Phial of floods   |       |       |       |       |       |     2 |       |     1 |       ||     3
       Lamp of fire      |       |       |       |       |       |       |       |     1 |       ||     1
       Phantom mirror    |       |       |       |       |       |       |       |     1 |       ||     1
  Use: Scroll            |     4 |     5 |    11 |    14 |    12 |    21 |    17 |    10 |    10 ||   104
       Potion            |       |       |     4 |     1 |     3 |     7 |     1 |     6 |     5 ||    27
 Stab: Sleeping          |     5 |     6 |     1 |     8 |     3 |     4 |    33 |    28 |     1 ||    89
       Distracted        |       |       |     1 |       |    11 |     8 |    11 |     4 |     2 ||    37
       Confused          |       |       |       |       |     1 |       |       |       |       ||     1
  Eat: Chunk             |       |     7 |     9 |    12 |    22 |     5 |    30 |    22 |       ||   107
       Beef jerky        |       |       |     1 |       |     3 |     7 |     1 |     2 |     1 ||    15
       Bread ration      |       |       |       |     4 |     4 |     5 |     1 |     3 |     2 ||    19
       Fruit             |       |       |       |       |     6 |     3 |     4 |       |       ||    13
       Pizza             |       |       |       |       |     3 |     2 |     1 |     2 |       ||     8
       Meat ration       |       |       |       |       |       |     3 |     1 |       |       ||     4
       Royal jelly       |       |       |       |       |       |     1 |       |       |       ||     1
Armor: Skin              |    15 |    48 |   101 |   169 |   333 |   237 |   179 |   156 |    73 ||  1311
Dodge: Dodged            |    61 |   165 |   426 |   744 |  1684 |  1800 |  1470 |   989 |   504 ||  7843
       Deflected         |       |       |       |       |     8 |    40 |    30 |    15 |    10 ||   103
Block: Buckler           |       |       |       |   177 |   582 |   570 |   576 |   102 |       ||  2007
       Reflection        |       |       |       |       |       |       |    33 |       |       ||    33
       Shield            |       |       |       |       |       |       |       |   638 |   223 ||   861

Vault maps used:
D:1:      saegor_arrival_simple_d
D:2:      uniq_natasha
D:3:      lemuel_doored_altar, old_standard_altar, grunt_dithmenos_smoke
D:4:      dancing_weapons_uskayaw, led_sif_pool, first_bread, uniq_menkaure
D:5:      okawaru_ov_weapons_minmay, uniq_blork_the_orc
D:6:      lemuel_crystal_altar, fedhas_altar_3, hangedman_decor_riveting,
          uniq_grinder
D:7:      serial_shops, shop, uniq_pikel
D:8:      gammafunk_temple_overflow_statue, serial_shops, nicolae_shop_trees,
          grunt_ogre_cave
D:9:      lair_entry_dummy, uniq_grum
D:10:     uniq_erica, uniq_snorg
D:11:     serial_shops, kennysheep_little_box
D:12:     zombieorc2_lemuel, uniq_harold
D:13:     grunt_vaults_entry_tiered, spider_trap, uniq_maurice, uniq_urug
D:14:     serial_park_square1, uniq_azrael
D:15:     hangedman_depths_entry_try_elsewhere_first, minmay_misc_feat_plants,
          evilmike_minifort
Temple:   nicolae_temple_hex_pool
Lair:2:   elwin_shoals_entry_stream, infiniplex_staircase_pool,
          grunt_megastairs_5
Lair:3:   minmay_snake_entry_spellcaster, grunt_megastairs_4,
          lemuel_fruit_fields
Lair:4:   basic_altar, serial_bayou_shore_a, lemuel_fruit_fields,
          lemuel_fruit_fields
Lair:5:   infiniplex_staircase_pool_2, lemuel_fruit_tree
Lair:6:   evil_forest, dpeg_slime_entry_enclosed_altar, st_stairs_10,
          lemuel_centaur_altar, serial_bayou_shore_b
Shoals:1: dpeg_stationary_puzzle
Shoals:2: uniq_jorgrun
Shoals:4: shoals_end_grunt_ice, shoals_ilsuiw_alternative, ldierk_geyser,
          nicolae_shoals_hunting_party
Snake:1:  basic_altar, special_room, serial_bayou_shore_b
Snake:2:  fake_guardian_serpent_vault
Snake:3:  basic_altar, minmay_shoptagon
Snake:4:  grunt_snake_rune_serpentine_throne, hangedman_snake_wide_pillar_pass,
          uniq_roxanne
Orc:1:    nicolae_orc_accident_1, uniq_erolcha, uniq_nergalle
Orc:2:    grunt_orc_tribal_feast
Elf:1:    minmay_elf_arrival_summoners, serial_shops, shop,
          minmay_elf_annihilation, uniq_frances, uniq_kirke
Elf:2:    basic_altar, moated_statue, uniq_donald, uniq_asterion
Elf:3:    minmay_elf_hall_hex, stair_cage_line, st_stairs_6, minivault_15,
          spider_trap, uniq_nikola
Vaults:1: v_alt_pattern_5, hangedman_vaults_trim, nicolae_vaults_network_s,
          vaults_room_mumra_shop_pool, hangedman_vaults_river_flow,
          ontoclasm_vaults_spin, nicolae_vaults_puzzle_piece, serial_ice_m,
          nicolae_vaults_theta
Vaults:2: nicolae_vaults_twisting_passages, v_misc_17, grunt_vaults_swirl,
          nicolae_vaults_specimen_jars, hangedman_vaults_locks, v_rooms_1,
          nicolae_vaults_shelves_hall, nicolae_vaults_rhombus_5,
          nicolae_vaults_big_ls, ontoclasm_vaults_shuriken, dummy_crypt_entry,
          portal_desolation_entry_salt, uniq_boris
Vaults:3: ontoclasm_vaults_misaligned, grunt_vaults_funnel,
          nicolae_vaults_alarming, nicolae_vaults_network_periphery,
          hangedman_vaults_cutoff, serial_ice_b, uniq_bai_suzhen
Vaults:4: grunt_tower_of_power, v_misc_10, vaults_dpeg_ring,
          vaults_room_stairs_pillars, nicolae_vaults_puzzle_piece, v_misc_19,
          v_pattern_5, hangedman_vaults_maws, vaults_mumra_hex,
          ontoclasm_vaults_gateway, hangedman_vaults_trim,
          grunt_vaults_hallway_short, serial_shops, nicolae_shop_stone
Vaults:5: serial_shops
Crypt:1:  grunt_crypt_arrival_guarded_gate
Crypt:2:  grunt_ministairs_2, hangedman_weighted_door
Depths:1: grunt_hell_entry_demonic_statue, minmay_hedge_maze, abyss_entry,
          minmay_multi_spiral, serial_bayou_shore_b
Depths:2: minmay_sliced_demisemicircle, hangedman_geh_valley,
          rand_demon_pan_entry_9, serial_shops, shop,
          infiniplex_staircase_split_hallway, roderic_lattice_octagonal_star
Depths:3: minmay_crescents, minmay_tree_intersection, rand_demon_pan_entry_5,
          mu_enter_wizlab_7, pf_coc_iceberg, minmay_misc_feat_doors,
          infiniplex_staircase_zigzag_1
Depths:4: evilmike_diamond_2, enter_ziggurat_a, hell_entry, abyss_entry,
          kennysheep_nondescript, infiniplex_staircase_pool_1
Abyss:3:  evilmike_abyss_exit_17, evilmike_abyss_rune_tso_outpost,
          hangedman_abyss_or_decor_slice
Zig:4:    ziggurat_pillar_centre_c
Zig:6:    ziggurat_pillar_centre_dead_trees
WizLab:   wizlab_doroklohe

Table legend:
 A = Turns spent in this place as a percentage of turns spent in the entire game.
 B = Non-inter-level travel turns spent in this place as a percentage of non-inter-level travel turns spent in the entire game.
 C = Inter-level travel turns spent in this place as a percentage of turns spent in this place.
 D = Turns resting spent in this place as a percentage of non-inter-level travel turns spent in this place.
 E = Turns spent auto-exploring this place as a percentage of non-inter-level travel turns spent in this place.
 F = Non-inter-level travel turns spent in this place divided by the number of levels of this place that you've seen.
                   A       B       C       D       E      F
               +-------+-------+-------+-------+-------+----------------------
         Total | 100.0 | 100.0 |   0.3 |   2.3 |   3.9 | 479.0
       Dungeon |  20.2 |  20.2 |   0.7 |   1.7 |   6.9 | 380.1
        Temple |   0.1 |   0.1 |   8.3 |   0.0 |  54.5 |  22.0
          Lair |  11.3 |  11.3 |   0.3 |   2.1 |   3.6 | 533.2
        Shoals |   2.4 |   2.4 |   0.1 |   3.9 |   0.0 | 167.5
     Snake Pit |  11.6 |  11.6 |   0.4 |   4.6 |   3.6 | 820.5
  Orcish Mines |   3.7 |   3.7 |   0.3 |   3.2 |   6.2 | 516.5
   Elven Halls |   7.3 |   7.3 |   0.4 |   1.6 |   3.9 | 687.0
        Vaults |  18.4 |  18.4 |   0.2 |   2.1 |   3.8 | 1040.2
         Crypt |   1.3 |   1.3 |   0.5 |   4.9 |   0.8 | 182.0
        Depths |  11.8 |  11.8 |   0.3 |   1.2 |   3.4 | 833.2
         Abyss |   3.2 |   3.2 |   0.0 |   0.7 |   0.8 | 305.7
      Ziggurat |   2.1 |   2.1 |   0.0 |   4.8 |   0.0 |  75.0
        Wizlab |   1.8 |   1.8 |   0.0 |   0.4 |   0.4 | 522.0
    Desolation |   4.8 |   4.8 |   0.0 |   1.7 |   0.0 | 1358.0
               +-------+-------+-------+-------+-------+----------------------

Table legend:
 A = Kills in this place as a percentage of kills in entire the game.
 B = Kills by you in this place as a percentage of kills by you in the entire game.
 C = Kills by friends in this place as a percentage of kills by friends in the entire game.
 D = Other kills in this place as a percentage of other kills in the entire game.
 E = Experience gained in this place as a percentage of experience gained in the entire game.
 F = Experience gained in this place divided by the number of levels of this place that you have seen.
                   A       B       C       D       E      F
               +-------+-------+-------+-------+-------+----------------------
         Total | 100.0 | 100.0 | 100.0 | 100.0 | 100.0 | 19746.8
       Dungeon |  21.7 |  21.3 |  39.1 |  50.0 |   6.7 | 5221.1
          Lair |   9.1 |   9.0 |  10.9 |   0.0 |   4.6 | 8991.7
        Shoals |   1.4 |   1.4 |   0.0 |   0.0 |   1.7 | 4813.8
     Snake Pit |  10.8 |  10.2 |  39.1 |  50.0 |  10.8 | 31379.5
  Orcish Mines |   4.9 |   5.0 |   0.0 |   0.0 |   1.6 | 9131.0
   Elven Halls |   7.5 |   7.6 |   0.0 |   0.0 |  12.4 | 48309.0
        Vaults |  21.8 |  22.2 |   4.3 |   0.0 |  26.0 | 60636.0
         Crypt |   2.1 |   2.1 |   0.0 |   0.0 |   2.2 | 12892.0
        Depths |  11.5 |  11.7 |   4.3 |   0.0 |  23.0 | 66908.0
         Abyss |   2.1 |   2.1 |   0.0 |   0.0 |   1.6 | 6054.0
      Ziggurat |   2.5 |   2.6 |   0.0 |   0.0 |   4.4 | 6373.1
        Wizlab |   0.8 |   0.9 |   0.0 |   0.0 |   1.5 | 16995.0
    Desolation |   3.9 |   3.9 |   2.2 |   0.0 |   3.6 | 42094.0
               +-------+-------+-------+-------+-------+----------------------
